 Dungeon Crawl Stone Soup version 0.27.1-3-gb3d3a73c9e (webtiles) character file.

Game seed: 7338120435261317733

127978 andesha the Slayer (level 16, -4/168 HPs)
             Began as a Minotaur Berserker on Oct 16, 2021.
             Was a High Priest of Trog.
             Succumbed to a swamp dragon's poison gas
             ... on level 4 of the Swamp.
             The game lasted 01:24:40 (30611 turns).

andesha the Slayer (Minotaur Berserker)            Turns: 30611, Time: 01:24:41

Health: -4/168     AC: 22    Str: 25    XL:     16   Next: 47%
Magic:  9/15       EV: 17    Int:  4    God:    Trog [*****.]
Gold:   2482       SH:  0    Dex: 20    Spells: 15/15 levels left

rFire    + . .     SeeInvis +   A - +8 great mace "Leviticus" {flame, rC++ Str-3 Dex+4 SInv}
rCold    + + .     Faith    .   (shield currently unavailable)
rNeg     . . .     Spirit   +   b - +3 scale mail of Domitux {rElec rCorr Dex+5}
rPois    .         Reflect  .   (helmet restricted)
rElec    +         Harm     .   e - +0 cloak
rCorr    +         Rampage  .   j - +2 pair of gloves
Will     +....                  v - +2 pair of boots
Stlth    +.........             c - amulet of guardian spirit
HPRegen  0.38/turn              k - ring "Acufug" {rF+ rCorr}
MPRegen  0.14/turn              w - +4 ring of slaying

@: lethally poisoned (-4 -> -35), studying Fighting, very slow
A: horns 2, retaliatory headbutt
a: Renounce Religion, Berserk, Trog's Hand, Brothers in Arms


You were on level 4 of the Swamp.
You worshipped Trog.
Trog was extremely pleased with you.
You visited 4 branches of the dungeon, and saw 27 of its levels.
You also visited: Ice Cave and Volcano.

You collected 2699 gold pieces.
You spent 217 gold pieces at shops.

Inventory:

Hand Weapons
 A - the +8 great mace "Leviticus" (weapon) {flame, rC++ Str-3 Dex+4 SInv}
   (Trog gifted it to you on level 12 of the Dungeon)

   It burns those it strikes, dealing additional fire damage.
   Str:       It affects your strength (-3).
   Dex:       It affects your dexterity (+4).
   rC:        It greatly protects you from cold.
   SInv:      It lets you see invisible.
Armour
 b - the +3 scale mail of Domitux (worn) {rElec rCorr Dex+5}
   (You found it on level 2 of the Lair of Beasts)

   Dex:       It affects your dexterity (+5).
   rElec:     It insulates you from electricity.
   rCorr:     It protects you from acid and corrosion.
 e - a +0 cloak (worn)
 j - a +2 pair of gloves (worn)
 v - a +2 pair of boots (worn)
Jewellery
 c - an amulet of guardian spirit (around neck)
 k - the ring "Acufug" (left hand) {rF+ rCorr}
   (You found it on level 6 of the Dungeon)

   [ring of resist corrosion]

   rF:        It protects you from fire.
   rCorr:     It protects you from acid and corrosion.
 q - a ring of resist corrosion
 w - a +4 ring of slaying (right hand)
Scrolls
 d - 2 scrolls of blinking
 g - a scroll of teleportation
 h - 2 scrolls of fog
 m - a scroll of holy word
 o - 11 scrolls of identify
 r - a scroll of brand weapon
 x - 2 scrolls of silence
Potions
 a - a potion of cancellation
 f - a potion of haste
 i - 2 potions of curing
 n - 3 potions of flight
 p - 2 potions of might
 z - a potion of magic
Miscellaneous
 s - a piece from Xom's chessboard (15/15)
 y - a tin of tremorstones (2/2)


   Skills:
 * Level 21.6 Fighting
 + Level 18.2 Maces & Flails
 * Level 17.1 Armour
 + Level 10.1 Dodging
 - Level 2.0 Stealth
 + Level 3.1 Unarmed Combat


You had 15 spell levels left.
You didn't know any spells.
Your spell library was empty.

Dungeon Overview and Level Annotations

Branches:
Dungeon (15/15)            Temple (0/1) D:7            Lair (6/6) D:11
  Swamp (4/4) Lair:3       Spider (0/4) Lair:2        Slime (0/5) Lair:6
    Orc (2/2) D:12            Elf (0/3) Orc:2        Vaults (0/5) D:14
 Depths (0/5) D:15          IceCv (visited)         Volcano (visited)

Altars:
Ashenzari
Cheibriados
Dithmenos
Elyvilon
Gozag
Hepliaklqana
Makhleb
Nemelex Xobeh
Okawaru
Trog
Vehumet
Yredelemnul
Zin
The Shining One
Beogh

Shops:
D:6 [   D:7 [   D:8 *   D:11 !*(   Orc:2 *[(!

Annotations:
D:10 exclusion: ice statue
Swamp:3 Roxanne


Innate Abilities, Weirdness & Mutations

You have a pair of horns on your head.
You reflexively headbutt those who attack you in melee.


Message History

You hear a deafening roar!
The swamp dragon breathes poison at you.
The blast of poison misses you.
Your unstable footing causes you to fumble your attack.
You are engulfed in poison gas.
You are poisoned.
You feel very sick.
You hit the swamp dragon. You burn the swamp dragon.
Your headbutt misses the swamp dragon.
The swamp dragon is almost dead.
You are engulfed in poison gas.
You are more poisoned.
You feel very sick. The swamp dragon closely misses you.
You furiously retaliate!
You headbutt the swamp dragon!
You kill the swamp dragon!
Trog accepts your kill.
You hear a splash.
The swamp dragon scales are intact enough to wear.
You are too injured to fight recklessly!
You are engulfed in poison gas.
You are more poisoned.
You feel extremely sick.
The swamp dragon roars deafeningly!
You enter the shallow water.
Moving in this stuff is going to be slow.
You are engulfed in poison gas.
You are more poisoned.
* * * LOW HITPOINT WARNING * * *
You feel extremely sick.
Things that are here:
+0 swamp dragon scales; a swamp dragon corpse
* * * LOW HITPOINT WARNING * * *
You feel extremely sick.
The swamp dragon breathes poison at you.
The blast of poison engulfs you but does no damage.
You are more poisoned.
You are engulfed in poison gas.
You are lethally poisoned!
* * * LOW HITPOINT WARNING * * *
x2 You feel extremely sick.
You die...

♣.≈≈≈≈§§).≈.≈.≈.♣
♣.≈≈≈≈≈≈≈≈≈..≈≈.♣♣
♣.§≈≈≈≈≈§≈§..≈...≈
♣♣♣D°≈≈≈≈≈≈≈≈.≈..≈≈.
♣≈.°○.≈≈≈≈≈≈≈≈.§♣†.♣
♣..°☼.(.....≈♣♣♣♣♣†.
♣≈°○○○≈.♣♣♣.....♣♣♣[
♣.○○≈○≈♣♣ ♣♣≈≈≈≈≈...
♣.°@≈≈≈♣ ♣♣≈≈≈≈≈≈≈
♣.≈≈!.≈≈♣ ♣♣.≈≈≈≈≈
♣≈≈≈§.♣♣♣♣ .≈≈≈≈≈≈≈
♣≈.§≈≈.♣ .≈≈≈.≈≈.
♣..≈≈... ♣...≈≈..
♣≈≈≈≈§..♣♣ ♣♣♣♣♣♣♣♣
♣.≈≈≈≈..≈ ♣≈≈≈§≈≈§≈


You could see a swamp dragon (catching breath).

Vanquished Creatures
  2 tentacled monstrosities
  Rupert (D:14)
  Donald (Swamp:1)
  A stone giant (D:15)
  4 eleionomae
  A shambling mangrove (Swamp:4)
  10 hydras
  Harold (Orc:1)
  A spriggan air mage (Swamp:4)
  4 ogre magi (Orc:2)
  2 ghost crabs
  5 centaur warriors
  3 catoblepae (Lair:6)
  2 death knights
  3 alligators
  14 two-headed ogres
  6 death yaks
  2 tengu warriors (D:13)
  Urug (D:12)
  Nergalle (D:10)
  7 spriggans
  3 goliath frogs
  9 skeletal warriors
  3 spriggan druids
  A wizard (D:14)
  2 bog bodies
  3 swamp dragons
  3 orc knights
  A lindwurm (Lair:6)
  A deep elf zephyrmancer (D:15)
  4 deep elf pyromancers
  2 orc sorcerers (Orc:1)
  A wolf spider (Lair:2)
  6 will-o-the-wisps
  An ugly thing (IceCv)
  7 manticores
  3 elephants (Lair:2)
  6 cyclopes
  6 centaur zombies
  A black mamba (Lair:2)
  8 cane toads
  An unseen horror (D:11)
  2 gargoyles (Volcano)
  6 rime drakes
  An efreet (D:15)
  Psyche (D:9)
  A tengu conjurer (D:15)
  9 komodo dragons
  2 freezing wraiths
  5 trolls
  A bloated husk (Swamp:2)
  5 hornets
  12 polar bears
  12 tyrant leeches
  A jumping spider (Lair:2)
  14 slime creatures
  Grinder (D:4)
  5 dream sheep (Lair:4)
  6 blink frogs
  3 flying skulls (Volcano)
  2 redbacks (Lair:2)
  5 shadows
  A vampire (D:11)
  6 wraiths
  52 yaks
  3 wyverns
  2 basilisks
  14 humans (D:14)
  2 steam dragons
  7 vampire mosquitoes
  9 swamp worms
  2 wargs
  An acid dragon (D:11)
  2 hell hounds (Lair:1)
  A hornet zombie (D:9)
  14 water moccasins
  A meliai simulacrum (D:15)
  14 orc warriors
  A swamp drake (Swamp:2)
  4 ice beasts
  25 ogres
  2 black bears
  8 centaurs
  A necrophage (D:3)
  14 wolves
  2 gnoll sergeants
  3 kobold brigands
  2 scorpions (D:11)
  9 bullfrogs
  A water moccasin skeleton (D:5)
  11 killer bees
  A spriggan skeleton (Volcano)
  An electric eel (D:6)
  4 howler monkeys
  3 vampire bats (Orc:1)
  A jelly (D:5)
  3 hounds
  11 orc priests
  2 bullfrog skeletons (D:6)
  2 centaur skeletons (D:7)
  2 gnoll shamans
  8 orc wizards
  A killer bee zombie (D:8)
  2 naga skeletons (Volcano)
  20 gnolls
  5 adders
  2 howler monkey skeletons
  2 white imps
  2 dart slugs
  44 orcs
  13 bats
  5 endoplasms
  2 giant cockroaches
  11 goblins
  7 hobgoblins
  24 kobolds
  6 quokkas
  9 ball pythons
  3 frilled lizards
  A quokka skeleton (D:4)
  6 rats
655 creatures vanquished.

Vanquished Creatures (collateral kills)
  A thorn hunter (Swamp:2)
  A very ugly thing (D:14)
  A bunyip (Swamp:3)
  Fannar (Lair:1)
  4 hydras (Swamp:4)
  An alligator (Swamp:2)
  A goliath frog (Swamp:3)
  An anaconda skeleton (Volcano)
  A swamp dragon (Swamp:3)
  A will-o-the-wisp (Swamp:3)
  A gargoyle (Volcano)
  2 blink frogs (Lair:1)
  An alligator skeleton (Volcano)
  2 humans (D:14)
  5 swamp drakes (Swamp:4)
  A bullfrog (Lair:1)
25 creatures vanquished.

Vanquished Creatures (others)
  An unseen horror (D:11)
  A bush (Lair:6)
  24 foxfires
  53 fungi
  62 plants
141 creatures vanquished.

Grand Total: 821 creatures vanquished

Notes
Turn   | Place    | Note
-------+----------+-------------------------------------------
     0 | D:1      | andesha the Minotaur Berserker began the quest for the Orb.
     0 | D:1      | Reached XP level 1. HP: 19/19 MP: 0/0
   390 | D:1      | Reached skill level 4 in Fighting
   677 | D:1      | Reached XP level 2. HP: 27/27 MP: 1/1
   894 | D:1      | Found a faded altar of an unknown god.
  1271 | D:2      | Reached XP level 3. HP: 25/34 MP: 2/2
  1403 | D:2      | Reached ** piety under Trog
  1610 | D:2      | You fall into a shaft and drop 1 floor!
  1678 | D:3      | Reached XP level 4. HP: 25/41 MP: 3/3
  1682 | D:3      | Reached skill level 5 in Fighting
  1980 | D:3      | Found a broken altar of Ashenzari.
  1980 | D:3      | Found a white marble altar of Elyvilon.
  1981 | D:3      | Found a basalt altar of Yredelemnul.
  1981 | D:3      | Found a glowing golden altar of the Shining One.
  1984 | D:3      | Found a hazy altar of Hepliaklqana.
  1984 | D:3      | Found a glowing silver altar of Zin.
  2325 | D:3      | Found a sparkling altar of Nemelex Xobeh.
  2417 | D:3      | Noticed an ice beast
  2427 | D:3      | Killed an ice beast
  2428 | D:3      | Reached skill level 5 in Maces & Flails
  2428 | D:3      | Reached XP level 5. HP: 48/48 MP: 4/4
  2431 | D:3      | Noticed a necrophage
  2441 | D:3      | Killed a necrophage
  2442 | D:3      | Reached XP level 6. HP: 38/56 MP: 5/5
  2710 | D:3      | Found an opulent altar of Gozag.
  3161 | D:4      | Found a snail-covered altar of Cheibriados.
  3161 | D:4      | Found a radiant altar of Vehumet.
  3414 | D:4      | Noticed Grinder
  3422 | D:4      | Paralysed by Grinder for 6 turns
  3430 | D:4      | Killed Grinder
  3431 | D:4      | Reached skill level 6 in Fighting
  3431 | D:4      | Reached skill level 5 in Armour
  3713 | D:5      | Entered Level 5 of the Dungeon
  3721 | D:5      | Reached XP level 7. HP: 41/63 MP: 6/6
  3936 | D:5      | Found a shadowy altar of Dithmenos.
  3973 | D:5      | Reached skill level 7 in Fighting
  3973 | D:5      | Reached skill level 5 in Dodging
  3973 | D:5      | Reached XP level 8. HP: 73/73 MP: 7/7
  4497 | D:6      | Found Meushaq's Antique Armour Shoppe.
  4540 | D:6      | Reached *** piety under Trog
  4894 | D:6      | Reached skill level 8 in Fighting
  5121 | D:6      | Identified the ring "Acufug" {rF+ rCorr}
  5267 | D:6      | Reached XP level 9. HP: 33/82 MP: 8/8
  6439 | D:7      | You fall into a shaft and drop 2 floors!
  6504 | D:9      | Paralysed by a hornet for 3 turns
  6513 | D:9      | Reached skill level 9 in Fighting
  6979 | D:7      | Reached skill level 1 in Stealth
  7217 | D:7      | Found Fiteal's Antique Armour Emporium.
  7292 | D:7      | Reached **** piety under Trog
  7682 | D:7      | Found a staircase to the Ecumenical Temple.
  7926 | D:8      | Found Dytwuss's CLEARANCE SALE! EVERYTHING MUST GO!.
  8289 | D:8      | Reached skill level 10 in Maces & Flails
  8621 | D:9      | Noticed Psyche
  8648 | D:9      | HP: 2/84 [centaur zombie (4)]
  9070 | D:9      | Reached skill level 1 in Unarmed Combat
  9187 | D:9      | Reached XP level 10. HP: 93/93 MP: 9/9
  9354 | D:9      | Killed Psyche
  9651 | D:9      | Reached skill level 10 in Fighting
  9810 | D:10     | Entered Level 10 of the Dungeon
  9892 | D:10     | Noticed a two-headed ogre
  9897 | D:10     | Noticed Nergalle
  9901 | D:10     | Noticed a spectral orc warlord
  9903 | D:10     | Killed a two-headed ogre
  9904 | D:10     | Reached skill level 10 in Armour
  9918 | D:10     | Killed Nergalle
 10159 | D:10     | Found an iron altar of Okawaru.
 10216 | D:10     | Reached skill level 11 in Fighting
 10575 | D:10     | Noticed an ice statue
 10824 | D:11     | Found Pempin's Assorted Antiques.
 10847 | D:11     | Reached XP level 11. HP: 69/102 MP: 10/10
 10872 | D:11     | Found Tuguos's Distillery.
 11948 | D:11     | Found Diyzew Tos's Weapon Boutique.
 11969 | D:11     | Reached skill level 12 in Fighting
 12008 | D:11     | Found a staircase to the Lair.
 12110 | D:11     | Reached ***** piety under Trog
 12235 | Lair:1   | Entered Level 1 of the Lair of Beasts
 12235 | Lair:1   | Noticed Fannar
 12255 | Lair:1   | Killed Fannar
 12358 | Lair:1   | Found a bloodstained altar of Trog.
 12784 | Lair:1   | Found a dark tunnel.
 12803 | Volcano  | Entered a volcano
 13028 | Volcano  | Noticed a skeletal warrior
 13047 | Volcano  | Killed a skeletal warrior
 13048 | Volcano  | Reached skill level 13 in Fighting
 13048 | Volcano  | Reached XP level 12. HP: 90/115 MP: 11/11
 13702 | Lair:2   | Identified the +3 scale mail of Domitux {rElec rCorr Dex+5}
 13911 | Lair:2   | Noticed a five-headed hydra
 13920 | Lair:2   | Killed a five-headed hydra
 14157 | Lair:2   | Reached skill level 14 in Fighting
 14203 | Lair:2   | Found a hole to the Spider Nest.
 15196 | Lair:3   | Found a staircase to the Swamp.
 15392 | Lair:3   | Reached skill level 15 in Fighting
 15392 | Lair:3   | Reached XP level 13. HP: 105/126 MP: 12/12
 15566 | Lair:4   | Found a frozen archway.
 15582 | IceCv    | Entered an ice cave
 15769 | IceCv    | Received a gift from Trog
 16380 | Lair:4   | Reached skill level 16 in Fighting
 16432 | Lair:4   | You fall into a shaft and drop 2 floors!
 16432 | Lair:6   | Entered Level 6 of the Lair of Beasts
 17032 | Lair:6   | Found a staircase to the Slime Pits.
 17379 | Lair:6   | Reached skill level 15 in Armour
 17388 | Lair:6   | Reached skill level 17 in Fighting
 17710 | Lair:5   | Reached XP level 14. HP: 138/140 MP: 13/13
 17905 | D:12     | Found a staircase to the Orcish Mines.
 18069 | D:12     | Noticed Urug
 18078 | D:12     | Paralysed by Urug for 5 turns
 18085 | D:12     | Paralysed by Urug for 2 turns
 18093 | D:12     | Paralysed by Urug for 4 turns
 18095 | D:12     | Killed Urug
 18095 | D:12     | Identified the +8 great mace "Leviticus" {flame, rC++ Str-3
                  | Dex+4 SInv} (Trog gifted it to you on level 12 of the
                  | Dungeon)
 18095 | D:12     | Received a gift from Trog
 18771 | D:12     | Found a burning altar of Makhleb.
 18863 | Orc:1    | Entered Level 1 of the Orcish Mines
 18998 | Orc:1    | Noticed Harold
 19004 | Orc:1    | Killed Harold
 19186 | Orc:1    | Reached ****** piety under Trog
 19300 | Orc:2    | Entered Level 2 of the Orcish Mines
 19548 | Orc:2    | Found a bloodstained altar of Trog.
 19738 | Orc:2    | Found a staircase to the Elven Halls.
 19825 | Orc:2    | HP: 5/141 [ogre (12)]
 20256 | Orc:2    | Received a gift from Trog
 20297 | Orc:2    | Reached skill level 18 in Fighting
 20328 | Orc:2    | Reached skill level 15 in Maces & Flails
 20737 | Orc:2    | Found Wykuetug's Distillery.
 20737 | Orc:2    | Found Lugiame's Antique Armour Shop.
 20738 | Orc:2    | Found Xihidem's Weapon Shop.
 20738 | Orc:2    | Found Vicanim's Assorted Antiques.
 20932 | Orc:2    | Bought a scroll of blinking for 217 gold pieces
 21838 | D:14     | Noticed a brown very ugly thing
 21838 | D:14     | Noticed Rupert
 21838 | D:14     | Found a gate to the Vaults.
 21860 | D:14     | Killed a brown very ugly thing
 22236 | D:14     | Reached XP level 15. HP: 143/150 MP: 12/14
 22268 | D:14     | Found a broken altar of Ashenzari.
 22343 | D:14     | Paralysed by Rupert for 4 turns
 22368 | D:14     | Killed Rupert
 22865 | D:14     | Identified a scroll of acquirement
 22866 | D:14     | Acquired a +4 ring of slaying
 23485 | D:15     | Entered Level 15 of the Dungeon
 23748 | D:15     | Reached skill level 19 in Fighting
 23753 | D:15     | Received a gift from Trog
 24510 | D:15     | Acquired a manual of Fighting
 24513 | D:15     | Found a staircase to the Depths.
 25758 | Swamp:1  | Entered Level 1 of the Swamp
 25918 | Swamp:1  | Received a gift from Trog
 26095 | Swamp:1  | Noticed Donald
 26107 | Swamp:1  | Killed Donald
 26814 | Swamp:1  | Reached skill level 20 in Fighting
 27009 | Swamp:2  | Noticed a tentacled monstrosity
 27383 | Swamp:1  | Killed a tentacled monstrosity
 27829 | Swamp:2  | Noticed a thorn hunter
 27833 | Swamp:2  | Killed a thorn hunter
 27970 | Swamp:2  | Reached XP level 16. HP: 90/165 MP: 10/15
 28941 | Swamp:3  | Identified Roxanne's Compendium of Clay
 28941 | Swamp:3  | Noticed Roxanne
 28982 | Swamp:3  | Reached skill level 10 in Dodging
 29011 | Swamp:3  | Reached skill level 21 in Fighting
 29841 | Swamp:4  | Entered Level 4 of the Swamp
 30250 | Swamp:4  | Noticed a tentacled monstrosity
 30257 | Swamp:4  | Killed a tentacled monstrosity
 30610 | Swamp:4  | HP: 7/168 [poisoned by a swamp dragon (poison gas)]
 30611 | Swamp:4  | Succumbed to a swamp dragon's poison gas

Illustrated notes

Levels and vault maps discovered:
D:1:      elethiomel_arrival_maze, layout_basic,
          shapermc_ecumenical_altar_mp_ritualfount, kennysheep_minor_cross,
          chequers_serial_rivers_micro_c, minmay_misc_feat_encased
D:2:      layout_rooms
D:3:      kennysheep_six_static_rooms, layout_loops_corners,
          mainiacjoe_overflow_surrounded_room,
          nemelex_xobeh_ov_fountains_minmay, grunt_temple_overflow_open,
          minmay_vboxes
D:4:      layout_loops_ring, mainiacjoe_overflow_large_starburst, uniq_grinder
D:5:      layout_basic, nicolae_dithmenos_the_darkroom, st_stairs_7
D:6:      layout_loops_ring, serial_bayou_ford_a, nicolae_take_the_stairs,
          kennysheep_potato
D:7:      layout_gridville, minmay_temple_entry_offerings, serial_shops, shop,
          serial_co_window_serial, co_window_of_opportunity_a,
          co_window_paths_a, co_window_corner_a, co_window_corner_a,
          co_window_paths_b, co_window_of_opportunity_a, co_window_2corner,
          co_window_unsneaky_path_e, co_window_2corner, co_window_corner_b,
          co_window_unsneaky_path_c, co_window_of_opportunity_b,
          co_window_corner_b, co_window_4corner_a, co_window_paths_d,
          glass_columns_a, glass_columns_c, glass_columns_a, glass_columns_b
D:8:      layout_cave_pools, enter_bailey_3, nicolae_shop_clearance
D:9:      layout_stronghold, st_stairs_10, uniq_psyche
D:10:     minmay_statue_hallways, layout_irregular_city, lemuel_crystal_altar,
          uniq_nergalle
D:11:     layout_loops_cross, due_lair_maze_entry_diamond, serial_shops,
          nicolae_stop_n_shop_1, nicolae_diamond_shop, kennysheep_mini_moat
D:12:     layout_long_grid, minmay_orc_entry_temple_small,
          makhleb_altar_promises_db, uniq_urug
D:13:     layout_roguey
D:14:     layout_loops_ring, david_vaults_3, nicolae_ashenzari_skybound
D:15:     grunt_enter_depths_giant_problem, layout_cave_pools, special_room
          [special_room_orc], billiards_dpeg
Lair:1:   layout_loops_ring, enter_volcano_3, basic_altar,
          infiniplex_staircase_pool_2, grunt_megastairs_3, lemuel_fruit_fields,
          uniq_fannar
Lair:2:   layout_small_grid, spider_nest_entry_funnel_web,
          grunt_forest_small_clearing_treed, serial_bayou_shore_b
Lair:3:   layout_long_grid, minmay_swamp_entry_worms, beast_lair_carwin_3
Lair:4:   layout_small_grid, portal_ice_cave_rime
Lair:5:   layout_roguey, serial_bayou_shore_a
Lair:6:   evilmike_catoblepas_cave, layout_regular_city,
          dpeg_slime_entry_corner, grunt_megastairs_2
Swamp:1:  layout_basic_swamp, nicolae_swamp_tree_designs, uniq_donald
Swamp:2:  layout_falls_marsh, serial_swamp_ruin, evilmike_swamp_ruin_house_1,
          hangedman_swamp_ruin_hall, evilmike_swamp_ruin_house_3, swamp_pool1,
          lightli_tree_ring, infiniplex_staircase_pool
Swamp:3:  layout_basic_swamp, hangedman_swamp_pad, uniq_roxanne
Swamp:4:  swamp, layout_basic_swamp
Orc:1:    layout_caves, roderic_batcave, uniq_harold
Orc:2:    st_orc_ogre_mass, layout_caves, basic_altar

Skill      XL: |  1  2  3  4  5  6  7  8  9 10 11 12 13 14 15 16 |
---------------+-------------------------------------------------+-----
Fighting       | 4 5 6 7 8 9 11 13 15 17 18 20 21 | 21.6
Maces & Flails | 4 5 6 8 10 11 12 14 15 17 18 | 18.2
Armour         | 3 4 5 6 7 9 10 12 13 15 16 17 | 17.1
Dodging        | 3 5 6 7 8 9 10 | 10.1
Stealth        | 1 2 |  2.0
Unarmed Combat | 1 3 |  3.1

Action                   |  1- 3 |  4- 6 |  7- 9 | 10-12 | 13-15 | 16-18 || total
-------------------------+-------+-------+-------+-------+-------+-------++-------
Melee: Mace              |    72 |    90 |   274 |   475 |   356 |       ||  1267
       Headbutt          |     5 |    23 |    52 |   135 |   276 |    19 ||   510
       Unarmed           |       |       |    29 |       |       |       ||    29
       Punch             |       |       |       |    11 |    11 |       ||    22
       Great mace        |       |       |       |       |   567 |   104 ||   671
Invok: Berserk           |     1 |     2 |     6 |     9 |     9 |     2 ||    29
       Brothers in Arms  |       |       |       |     2 |     2 |     2 ||     6
       Trog's Hand       |       |       |       |       |     1 |       ||     1
Evoke: Piece from Xom's  |       |       |       |       |     2 |       ||     2
       Tin of tremorston |       |       |       |       |     1 |       ||     1
  Use: Scroll            |     1 |    12 |    10 |    11 |    16 |     2 ||    52
       Potion            |       |     3 |     3 |     3 |     8 |       ||    17
 Stab: Distracted        |       |       |       |       |     1 |       ||     1
Armor: Animal skin       |     5 |       |       |       |       |       ||     5
       Ring mail         |    18 |    46 |    27 |       |       |       ||    91
       Chain mail        |       |       |   165 |   159 |       |       ||   324
       Scale mail        |       |       |       |    61 |   432 |    87 ||   580
Dodge: Dodged            |    50 |    53 |   176 |   211 |   669 |   101 ||  1260
